Map: Disco Bloodbath LE

Players

goblin

  • Race: Protoss Protoss
  • Spawn Location: 9:00

lovely - Winner!

  • Race: Terran Terran
  • Spawn Location: 3:00

Event: NationWars 2019

VOD

Have the link to the VOD?

Description

Time

  • Played on: Sept. 30, 2019, 3:04 p.m.
  • Length: 4:35
Show
View Real Time Build Order
Export as new Build Order

goblin Protoss 

Build Orders:  

Get SALT Encoding   

  12  0:00  Probe  
  13  0:12  Probe  
  14  0:17  Pylon  
  14  0:24  Probe (Chrono Boost)  
  15  0:36  Probe (Chrono Boost)  
  15  0:37  Gateway  
  16  0:45  Probe (Chrono Boost)  
  16  0:46  Assimilator  
  17  0:51  Probe  
  18  1:03  Probe  
  19  1:15  Probe  
  20  1:24  Cybernetics Core  
  20  1:27  Probe  
  20  1:30  Pylon  
  20  1:32  Zealot  
  23  1:33  Assimilator  
  23  1:45  Gateway  
  23  1:53  Forge  
  22  1:58  Stalker (Chrono Boost)  
  24  2:08  Shield Battery  
  24  2:21  Stalker  
  24  2:24  Shield Battery  
  19  2:40  Photon Cannon  
  12  3:15  Stalker (Chrono Boost)  
  10  3:49  Probe  
  8  4:22  Probe  
Show
View Real Time Build Order
Export as new Build Order

lovely Terran - Winner!

Build Orders:  

Get SALT Encoding   

  12  0:08  Supply Depot  
  12  0:40  Barracks  
  12  0:46  Barracks  
  12  1:03  Barracks  
  12  1:27  Marine  
  13  1:32  Barracks  
  13  1:33  Marine  
  14  1:45  Marine  
  15  1:50  Marine  
  15  1:51  Marine  
  17  2:02  Marine  
  18  2:08  Marine  
  18  2:09  Marine  
  19  2:19  Marine  
  19  2:20  Marine  
  21  2:26  Marine  
  21  2:35  Marine  
  19  2:39  Marine  
  19  2:41  Marine  
  20  2:47  Marine  
  18  2:59  Marine  
  18  3:02  Marine  
  19  3:09  Marine  
  19  3:11  Marine  
  18  3:17  Marine  
  17  3:21  Marine  
  17  3:29  Marine  
  17  3:34  Marine  
  18  3:38  Marine  
  18  3:46  Marine  
  17  3:52  Marine  
  17  4:01  Marine x2  
  16  4:06  Marine  
  17  4:15  Marine  
Tags
 
Add a new tag
Caveats
  • Supply blocks, unpowered buildings, or Contaminate may cause inaccurate times.
  • Supply counts are checked every 10 seconds.